 Dungeon Crawl Stone Soup version 0.28-a0-268-g3f656e82c2 (webtiles) character file.

Game seed: 8105611872980944307

6691 Shayle the Nimble (level 11, -5/85 HPs)
             Began as a Djinni Warper on Aug 28, 2021.
             Was an Initiate of Makhleb.
             Slain by an ice beast (12 damage)
             ... summoned by Fannar
             ... on level 2 of the Lair of Beasts.
             The game lasted 00:34:51 (14660 turns).

Shayle the Nimble (Djinni Warper)                  Turns: 14660, Time: 00:34:52

Health: -5/85      AC:  9    Str: 10    XL:     11   Next: 23%
Gold:   429        EV: 16    Int: 24    God:    Makhleb [......] SH:  0 Dex: 13

rFire   + + .      SeeInvis .     - Unarmed
rCold   . . .      Faith    .   (no shield)
rNeg    . . .      Spirit   .   i - +3 leather armour {rC+}
rPois   ∞          Reflect  .   (no helmet)
rElec   .          Harm     .   (no cloak)
rCorr   .          Rampage  .   j - +2 pair of gloves
Will    +....                   (boots unavailable)
Stlth   +.........              (no amulet)
HPRegen 0.24/turn               I - +6 ring of intelligence
MPRegen 0.00/turn               (no ring)

@: mighty, flying, studying Spellcasting
A: sickness immunity, fire resistance 2, cold vulnerability 1, float, innate
caster, hp casting, extra vitality 1
a: Renounce Religion


You were on level 2 of the Lair of Beasts.
You worshipped Makhleb.
Makhleb was noncommittal.
You visited 3 branches of the dungeon, and saw 12 of its levels.
You also visited: Sewer.

You collected 429 gold pieces.

Inventory:

Hand Weapons
 e - a +2 dagger of draining
 k - the +6 hunting sling "Qetuc" {freeze, Will++}
   (You found it in a sewer)

   Any ammunition fired from it freezes those it strikes, dealing additional
   cold damage.
   It can also slow down cold-blooded creatures.
   Will:      It greatly increases your willpower.
 H - a +3 flail of holy wrath
Missiles
 l - a curare-tipped dart (quivered)
 x - a throwing net
 y - 23 sling bullets
Armour
 i - a +3 leather armour of cold resistance (worn)
 j - a +2 pair of gloves (worn)
 B - +0 swamp dragon scales
 C - a +3 leather armour of willpower
 E - a +0 ring mail
Jewellery
 I - a +6 ring of intelligence (left hand)
Wands
 a - a wand of mindburst (14)
 z - a wand of digging (6)
 K - a wand of iceblast (5)
Scrolls
 b - 2 scrolls of blinking
 c - a scroll of holy word
 d - a scroll of fog
 h - 3 scrolls of enchant weapon
 q - 2 scrolls of identify
 u - a scroll of teleportation
Potions
 g - a potion of lignification {unknown}
 m - a potion of flight
 n - a potion of ambrosia
 o - 3 potions of cancellation
 p - 2 potions of haste
 r - 4 potions of mutation
 s - a potion of resistance {unknown}
 t - a potion of magic
 v - a potion of attraction
 w - a potion of degeneration {unknown}
 A - a potion of invisibility {unknown}
 G - a potion of brilliance {unknown}
Miscellaneous
 J - a tin of tremorstones (2/2)


   Skills:
 + Level 9.8 Fighting
 - Level 0.7 Throwing
 - Level 1.0 Armour
 + Level 10.6 Dodging
 + Level 9.8 Unarmed Combat
 + Level 5.6 Spellcasting
 + Level 0.6 Invocations
 + Level 0.7 Evocations


You couldn't memorise any spells.
You knew the following spells:

 Your Spells              Type           Power      Damage    Failure   Level
a - Blink                 Tloc           N/A        N/A       1%          2
b - Lesser Beckoning      Tloc           16%        N/A       3%          3
c - Gell's Gravitas       Tloc           16%        N/A       3%          3
d - Teleport Other        Tloc           33%        N/A       3%          3
e - Manifold Assault      Tloc           33%        N/A       30%         5
f - Foxfire               Conj/Fire      100%       2x1d9     1%          1
g - Poisonous Vapours     Pois/Air       66%        N/A       1%          2
h - Swiftness             Air            33%        N/A       3%          3
i - Mephitic Cloud        Conj/Pois/Air  33%        N/A       3%          3
j - Sticky Flame          Conj/Fire      33%        2d5       11%         4
Your spell library was empty.

Dungeon Overview and Level Annotations

Branches:
Dungeon (9/15)             Temple (1/1) D:7            Lair (2/6) D:9
  Sewer (visited)
  Swamp: Lair:2-4    Shoals: Lair:2-4     Snake: Lair:2-4    Spider: Lair:2-4
    Orc: D:9-12

Altars:
Ashenzari
Cheibriados
Dithmenos
Elyvilon
Fedhas
Gozag
Kikubaaqudgha
Makhleb
Nemelex Xobeh
Okawaru
Qazlal
Ru
Sif Muna
Trog
Uskayaw
Vehumet
Wu Jian
Xom
Yredelemnul
Zin
The Shining One

Annotations:
D:5 1 runed translucent door, Crazy Yiuf
Lair:2 Fannar


Innate Abilities, Weirdness & Mutations

You are immune to sickness and miasma.
You are immune to poison.
Your flesh is very heat resistant. (rF++)
You are vulnerable to cold. (rC-)
You float through the air rather than walking.
You learn spells naturally, not from books.
Your magical power is your life essence.
You have superior vitality. (+4 HP)


Message History

* * * LOW HITPOINT WARNING * * *
Fannar freezes you.
* * * LOW HITPOINT WARNING * * *
The ice beast hits you but does no damage.
The ice beast barely misses you.
You hit Fannar.
Fannar is moderately wounded.
Fannar misses you. The ice beast completely misses you.
Unknown command.
You punch Fannar!
Fannar is moderately wounded.
The ice beast misses you. Fannar misses you. The ice beast misses you.
Unknown command.
You punch Fannar!
Fannar is heavily wounded.
The ice beast completely misses you.
Fannar hits you with a +0 quarterstaff of freezing.
* * * LOW HITPOINT WARNING * * *
Fannar freezes you.
* * * LOW HITPOINT WARNING * * *
The ice beast hits you but does no damage.
You closely miss Fannar.
Fannar is heavily wounded.
The ice beast completely misses you.
Fannar hits you with a +0 quarterstaff of freezing.
* * * LOW HITPOINT WARNING * * *
Fannar freezes you.
* * * LOW HITPOINT WARNING * * *
The ice beast hits you but does no damage.
You closely miss Fannar.
Fannar is heavily wounded.
The ice beast misses you. Fannar hits you but does no damage.
Unknown command.
You closely miss Fannar.
Fannar is heavily wounded.
The ice beast hits you but does no damage.
The ice beast hits you.
* * * LOW HITPOINT WARNING * * *
The ice beast freezes you!
You die...

#.........#
#.......(P#
#........##
#.........####
#..............
#...............
#...............
#...Y.....<.....
#...Y@..........
#...e...........
#.....(.........
#...............
#......(.P.###.
#....(...###
#...(.(...
##...((....#
#.........##


You could see Fannar (poisoned) and 2 ice beasts.

Vanquished Creatures
  A deep elf pyromancer (D:7)
  A cyclops (D:7)
  A cane toad (Lair:2)
  Maggie (D:7)
  2 komodo dragons
  An unseen horror (D:7)
  A shadow (D:7)
  3 yaks (Lair:1)
  2 steam dragons (D:7)
  4 water moccasins
  Duvessa (D:5)
  A necrophage (D:5)
  An ice beast (D:6)
  An ogre (D:4)
  A black bear (D:7)
  A centaur (D:6)
  A phantom (D:6)
  3 kobold brigands
  A bullfrog (D:7)
  A wyvern zombie (D:6)
  Dowan (D:5)
  A scorpion (D:6)
  A howler monkey (D:5)
  2 hounds (D:5)
  A bullfrog zombie (D:5)
  A centaur skeleton (D:4)
  A centaur zombie (D:7)
  3 jellies
  3 orc priests (D:7)
  A gnoll shaman (D:6)
  5 iguanas
  3 orc wizards (D:7)
  A howler monkey zombie (D:7)
  Robin (D:5)
  6 gnolls
  6 adders
  6 river rats
  2 white imps
  An adder skeleton (D:4)
  4 worms
  2 dart slugs (D:3)
  10 orcs
  5 bats
  14 endoplasms
  3 giant cockroaches
  10 goblins
  11 hobgoblins
  2 jackals (D:5)
  A quokka (D:2)
  14 ball pythons
  5 frilled lizards
  22 kobolds
  26 rats
204 creatures vanquished.

Vanquished Creatures (others)
  19 foxfires (D:2)
  2 fungi
21 creatures vanquished.

Grand Total: 225 creatures vanquished

Notes
Turn   | Place    | Note
-------+----------+-------------------------------------------
     0 | D:1      | Shayle the Djinni Warper began the quest for the Orb.
     0 | D:1      | Reached XP level 1. HP: 18/18 MP: 0/0
   460 | D:1      | Reached XP level 2. HP: 3/23 MP: 0/0
  1464 | D:1      | Reached XP level 3. HP: 29/29 MP: 0/0
  1464 | D:1      | Learned a level 1 spell: Foxfire
  2581 | D:2      | Reached XP level 4. HP: 32/34 MP: 0/0
  2862 | D:3      | Reached skill level 3 in Dodging
  3316 | D:3      | Reached XP level 5. HP: 33/40 MP: 0/0
  3316 | D:3      | Learned a level 2 spell: Poisonous Vapours
  3318 | D:3      | Found a glowing drain.
  3327 | Sewer    | Entered a sewer
  3402 | Sewer    | Noticed a kobold brigand
  3420 | Sewer    | Killed a kobold brigand
  3432 | Sewer    | Identified the +6 hunting sling "Qetuc" {freeze, Will++}
  3757 | Sewer    | Reached XP level 6. HP: 46/46 MP: 0/0
  4448 | Sewer    | Reached skill level 4 in Dodging
  5575 | D:4      | Reached XP level 7. HP: 31/51 MP: 0/0
  5575 | D:4      | Learned a level 3 spell: Swiftness
  5879 | D:5      | Entered Level 5 of the Dungeon
  5911 | D:4      | Noticed Robin
  5981 | D:5      | Killed Robin
  7008 | D:5      | Reached XP level 8. HP: 32/58 MP: 0/0
  7183 | D:5      | Noticed Duvessa
  7183 | D:5      | Noticed Dowan
  7209 | D:5      | Killed Duvessa
  7210 | D:5      | Reached skill level 5 in Dodging
  7216 | D:5      | Killed Dowan
  7908 | D:5      | Reached skill level 5 in Unarmed Combat
  7974 | D:5      | Reached skill level 5 in Fighting
  8395 | D:5      | Found a runed translucent door.
  8396 | D:5      | Noticed Crazy Yiuf
  8846 | D:6      | Reached skill level 6 in Dodging
  9001 | D:6      | Reached XP level 9. HP: 65/65 MP: 0/0
  9001 | D:6      | Learned a level 3 spell: Mephitic Cloud
  9589 | D:6      | Reached skill level 9 in Dodging
  9589 | D:6      | Reached XP level 10. HP: 59/78 MP: 0/0
  9965 | D:6      | Reached skill level 10 in Dodging
 10516 | D:7      | Noticed Maggie
 10541 | D:7      | Killed Maggie
 10969 | D:7      | Found a staircase to the Ecumenical Temple.
 10979 | Temple   | Entered the Ecumenical Temple
 11082 | Temple   | Became a worshipper of Makhleb the Destroyer
 11169 | D:7      | Noticed a komodo dragon
 11411 | D:7      | Killed a komodo dragon
 11412 | D:7      | Reached skill level 5 in Spellcasting
 12197 | D:7      | Noticed a deep elf pyromancer
 12251 | D:7      | Killed a deep elf pyromancer
 12829 | D:7      | Noticed a cyclops
 12832 | D:7      | Noticed a two-headed ogre
 12848 | D:7      | Killed a cyclops
 13148 | D:7      | Killed an unseen horror
 13526 | D:9      | Found a staircase to the Lair.
 13541 | Lair:1   | Entered Level 1 of the Lair of Beasts
 13569 | Lair:1   | Reached XP level 11. HP: 84/84 MP: 0/0
 13569 | Lair:1   | Learned a level 4 spell: Sticky Flame
 14403 | Lair:1   | Identified a scroll of acquirement
 14403 | Lair:1   | Acquired a manual of Spellcasting
 14440 | Lair:1   | Identified the +1 plate armour of Pistrat {Int+4}
 14635 | Lair:2   | Noticed Fannar
 14660 | Lair:2   | Slain by an ice beast

Illustrated notes

Levels and vault maps discovered:
D:1:      lightli_arrival_statuegarden, layout_basic, serial_rivers,
          chequers_serial_rivers_large_a, chequers_serial_rivers_micro_c,
          chequers_serial_rivers_room_b, chequers_serial_rivers_marsh,
          chequers_serial_rivers_micro_b, chequers_serial_rivers_room_b
D:2:      layout_loops_ring
D:3:      minmay_octagon_keep, layout_basic, lightli_sewer_entry_pipes,
          patterned_corridor
D:4:      layout_basic, kennysheep_generic_room_4, uniq_robin
D:5:      layout_loops_ring, uniq_duvessa, uniq_menkaure,
          uniq_crazy_yiuf_cottage
D:6:      layout_layer_cave
D:7:      minmay_the_grid_octo_2x2 [minmay_the_grid_octo_checkerflower,
          minmay_the_grid_octo_teeth, minmay_the_grid_octo_tetromino_candy,
          minmay_the_grid_octo_prize_single_spiral], layout_layer_cave,
          temple_fountains, skrybe_limestone_x, uniq_maggie
D:8:      layout_loops_corners
D:9:      layout_rooms, mainiacjoe_overflow_catwalk, dpeg_oklobed_lair,
          minmay_orc_entry_temple_small, wad_mini_maze, uniq_maurice
Temple:   kilobyte_greek_temple
Lair:1:   layout_hall_layers, serial_bayou_pond_d, chequers_serial_rivers_room_a
Lair:2:   layout_big_grid, basic_altar, portal_ice_cave_entry_imps,
          grunt_megastairs_4, uniq_fannar

Skill      XL: |  1  2  3  4  5  6  7  8  9 10 |
---------------+-------------------------------+-----
Dodging        | 3 4 6 9 10 | 10.6
Unarmed Combat | 3 4 5 9 |  9.8
Fighting       | 3 4 5 9 |  9.8
Spellcasting   | 3 4 5 |  5.6
Throwing       | |  0.7
Armour         | |  1.0
Invocations    | |  0.6
Evocations     | |  0.7

Action                   |  1- 3 |  4- 6 |  7- 9 | 10-12 || total
-------------------------+-------+-------+-------+-------++-------
Melee: Unarmed           |   117 |       |       |   195 ||   312
       Punch             |     2 |     2 |     3 |    12 ||    19
       Dagger            |    14 |   249 |   248 |       ||   511
       Flail             |       |       |       |    33 ||    33
       Hunting sling     |       |       |       |     1 ||     1
 Fire: Hunting sling     |       |     8 |    63 |    46 ||   117
Throw: Boomerang         |     5 |       |       |       ||     5
 Cast: Foxfire           |    14 |       |       |       ||    14
       Poisonous Vapours |       |     6 |     2 |     1 ||     9
       Blink             |       |       |     1 |    11 ||    12
       Teleport Other    |       |       |       |     4 ||     4
       Sticky Flame      |       |       |       |     5 ||     5
       Mephitic Cloud    |       |       |       |     1 ||     1
       Swiftness         |       |       |       |     1 ||     1
Evoke: Wand              |       |       |     5 |     3 ||     8
  Use: Scroll            |     4 |     2 |    12 |     6 ||    24
       Potion            |       |     1 |     2 |     9 ||    12
 Stab: Sleeping          |     1 |       |       |       ||     1
       Paralysed         |       |       |     6 |       ||     6
Armor: Leather armour    |    61 |    67 |    81 |    73 ||   282
Dodge: Dodged            |   109 |   150 |   164 |   134 ||   557

Table legend: (Time is in decaauts)
 A = Elapsed time spent in this place.
 B = Non-inter-level travel time spent in this place.
 C = Inter-level travel time spent in this place.
 D = Time resting spent in this place.
 E = Time spent auto-exploring this place.
 F = Levels seen in this place.
 G = Mean time per level.
                   A        B        C        D        E       F      G
               +--------+--------+--------+--------+--------+-----+--------+
         Total |  14648 |  14185 |    463 |   4396 |   6513 |  13 | 1126.8 |
       Dungeon |  11744 |  11296 |    448 |   2733 |   6068 |   9 | 1304.9 |
        Temple |    367 |    352 |     15 |    205 |    137 |   1 |  367.0 |
          Lair |   1109 |   1109 |      0 |    740 |     79 |   2 |  554.5 |
         Sewer |   1427 |   1427 |      0 |    718 |    229 |   1 | 1427.0 |
               +--------+--------+--------+--------+--------+-----+--------+

Top non-repeatable levels by time:
     D:6: 2523 daAuts
     D:7: 2158 daAuts
     D:1: 1981 daAuts
     D:4: 1604 daAuts
   Sewer: 1427 daAuts
     D:5: 1265 daAuts
     D:3: 1245 daAuts
  Lair:1: 926 daAuts
     D:2: 903 daAuts
  Temple: 367 daAuts
  Lair:2: 182 daAuts
     D:8: 49 daAuts
     D:9: 14 daAuts
